 Dungeon Crawl Stone Soup version 0.29.1-15-g9cfb28693d (webtiles) character file.

Game seed: 13348283424519654813

464 KreenWarrior the Conjurer (level 6, -5/32 HPs)
             Began as a Deep Elf Conjurer on Mar 29, 2023.
             Shot with an arrow by a centaur (10 damage)
             ... on level 5 of the Dungeon.
             The game lasted 00:13:45 (4226 turns).

KreenWarrior the Conjurer (Deep Elf Conjurer)       Turns: 4226, Time: 00:13:45

Health: -5/32      AC:  2    Str:  1 (4)  XL:     6   Next: 80%
Magic:  4/17       EV: 12    Int: 23 (25) God:
Gold:   203        SH:  5    Dex: 10 (13) Spells: 9/17 levels left

rFire   + . .      SeeInvis .   r - +1 dagger (flame)
rCold   x . .      Faith    .   c - +2 buckler
rNeg    . . .      Spirit   .   a - +0 robe
rPois   .          Reflect  .   (no helmet)
rElec   .          Harm     .   (no cloak)
rCorr   .          Rampage  .   (no gloves)
Will    .....                   (no boots)
Stlth   ++........              s - amulet of the acrobat
HPRegen 0.10/turn               t - ring of fire
MPRegen 0.15/turn               (no ring)

@: very slightly contaminated
A: no striking features
a: no special abilities


You were on level 5 of the Dungeon.
You visited 1 branch of the dungeon, and saw 5 of its levels.

You collected 203 gold pieces.

Inventory:

Hand Weapons
 r - a +1 dagger of flaming (weapon)
Armour
 a - a +0 robe (worn)
 c - a +2 buckler (worn)
Jewellery
 s - an amulet of the acrobat (around neck)
 t - a ring of fire (left hand)
Wands
 m - a wand of acid (10)
Scrolls
 e - 2 scrolls of teleportation {unknown}
 j - a scroll of amnesia
 l - 2 scrolls of blinking {unknown}
 n - a scroll of fear {unknown}
 p - a scroll of butterflies {unknown}
 q - a scroll of poison {unknown}
Potions
 b - a potion of magic
 d - 4 potions of flight
 f - a potion of might
 g - 2 potions of curing
 h - a potion of ambrosia
 i - a potion of lignification
 k - a potion of heal wounds {unknown}


   Skills:
 + Level 2.8 Dodging
 + Level 3.7 Stealth
 + Level 6.0 Spellcasting
 + Level 7.3 Conjurations


You had 9 spell levels left.
You knew the following spells:

 Your Spells              Type           Power      Damage    Failure   Level
a - Magic Dart            Conj           100%       1d8       1%          1
b - Iskenderun's Mystic   Conj/Tloc      23%        2d6       26%         4
c - Dazzling Flash        Conj/Hex       46%        N/A       8%          3

Your spell library contained the following spells:

 Spells                   Type           Power      Damage    Failure   Level
 Searing Ray              Conj           80%        2d7       1%          2
 Fulminant Prism          Conj/Hex       11%        3d9       26%         4


Dungeon Overview and Level Annotations

Branches:
Dungeon (5/15)             Temple (0/1) D:5

Altars:


Message History

You hear a bark!
Okay, then.
Casting: Magic Dart (safe; 1% risk of failure)
Confirm with . or Enter, or press ? or * to list all spells.
Okay, then.
Things that are here:
a +0 falchion; an orc corpse The centaur shoots an arrow.
The arrow barely misses you.
The centaur shoots an arrow.
The arrow completely misses you.
You feel better.
You start resting.
A centaur is nearby!
Casting: Magic Dart (safe; 1% risk of failure)
Confirm with . or Enter, or press ? or * to list all spells.
The spell is extremely dangerous to miscast (26% risk of failure)!
Continue anyway?
You erupt in a blast of force!
The mystic blast hits the centaur but does no damage.
The centaur is moderately wounded.
The centaur shoots an arrow.
The arrow barely misses you.
The centaur shoots an arrow.
The arrow hits you! The arrow freezes you!
* * * LOW HITPOINT WARNING * * *
Casting: Iskenderun's Mystic Blast (extremely dangerous; 26% risk of failure)
Confirm with . or Enter, or press ? or * to list all spells.
You don't know that spell.
Casting: Iskenderun's Mystic Blast (extremely dangerous; 26% risk of failure)
Confirm with . or Enter, or press ? or * to list all spells.
The spell is extremely dangerous to miscast (26% risk of failure)!
Continue anyway?
You miscast Iskenderun's Mystic Blast.
You are very lightly contaminated with residual magic.
Nothing appears to happen.
Casting: Iskenderun's Mystic Blast (extremely dangerous; 26% risk of failure)
Confirm with . or Enter, or press ? or * to list all spells.
The spell is extremely dangerous to miscast (26% risk of failure)!
Continue anyway?
Uppercase [Y]es or [N]o only, please.
The spell is extremely dangerous to miscast (26% risk of failure)!
Continue anyway?
You erupt in a blast of force!
The mystic blast hits the centaur.
The centaur is moderately wounded.
The centaur is knocked back by the mystic blast.
The centaur shoots an arrow.
The arrow hits you!
You die...

# #####################
.$ #...................##
..>
#.######.#####.###...####
.. #. #.# #.(...#.....
##.#. #@# #####...##.†
.##....######.# ##.###.#
.......Wc...)c# #.###.#
###<...######## #......
#.##< ###.... # #o #.###
.. #.# # .c #.### ...
#..<.


You could see a centaur.

Vanquished Creatures
  An ogre (D:3)
  A phantom (D:4)
  A hound (D:5)
  3 orc priests (D:3)
  2 orc wizards (D:3)
  4 adders
  A worm (D:2)
  4 dart slugs
  15 orcs
  10 ball pythons
  7 endoplasms
  A giant cockroach (D:1)
  9 hobgoblins
  2 quokkas
  A bat (D:1)
  4 frilled lizards (D:1)
  7 goblins
  6 kobolds
  4 rats
83 creatures vanquished.

Notes
Turn   | Place    | Note
-------+----------+-------------------------------------------
     0 | D:1      | KreenWarrior the Deep Elf Conjurer began the quest for the
                  | Orb.
     0 | D:1      | Reached XP level 1. HP: 10/10 MP: 6/6
     4 | D:1      | You fall into a shaft and drop 1 floor!
   274 | D:1      | Reached XP level 2. HP: 15/15 MP: 5/8
   411 | D:1      | Found a faded altar of an unknown god.
   421 | D:1      | Reached skill level 5 in Conjurations
  1008 | D:2      | Reached XP level 3. HP: 19/19 MP: 5/9
  1686 | D:3      | Reached XP level 4. HP: 24/24 MP: 3/11
  2157 | D:2      | Learned a level 4 spell: Iskenderun's Mystic Blast
  2161 | D:2      | Learned a level 3 spell: Dazzling Flash
  2337 | D:3      | Noticed an ogre
  2493 | D:3      | Reached skill level 6 in Conjurations
  2563 | D:3      | Reached XP level 5. HP: 28/28 MP: 8/13
  2690 | D:3      | Killed an ogre
  2826 | D:3      | Reached XP level 6. HP: 32/32 MP: 12/15
  2835 | D:3      | Reached skill level 7 in Conjurations
  3186 | D:4      | Reached skill level 5 in Spellcasting
  4080 | D:5      | Entered Level 5 of the Dungeon
  4212 | D:5      | Found a staircase to the Ecumenical Temple.
  4226 | D:5      | Shot with an arrow by a centaur

Illustrated notes

Levels and vault maps discovered:
D:1:      spicycebolla_green_bress_n_ham, layout_basic,
          hellmonk_ecumenical_altar_blasted
D:2:      layout_basic
D:3:      layout_basic
D:4:      layout_basic
D:5:      layout_loops_ring, gammafunk_temple_overflow_elements,
          minmay_temple_entry_offerings, ebering_ghost_inner_flame,
          cheibrodos_sewer_entry_sluice, lightli_church_of_beogh

Skill      XL: |  1  2  3  4  5  6 |
---------------+-------------------+-----
Conjurations   | 5 6 7 |  7.3
Stealth        | 3 |  3.7
Spellcasting   | 4 6 |  6.0
Dodging        | |  2.8

Action                   |  1- 3 |  4- 6 || total
-------------------------+-------+-------++-------
 Cast: Magic Dart        |    70 |   106 ||   176
       Iskenderun's Myst |       |     4 ||     4
       Dazzling Flash    |       |     1 ||     1
  Use: Scroll            |     3 |     3 ||     6
       Potion            |       |     2 ||     2
Armor: Robe              |       |     1 ||     1
Dodge: Dodged            |     2 |    12 ||    14
Block: Buckler           |       |     3 ||     3
